 Dungeon Crawl Stone Soup version 0.24.1-14-gf8d2b509d9 (webtiles) character file.

Game seed: 16909441248831428355, levelgen mode: deterministic

745 Hugehornet the Basher (level 7, 0/41 HPs)
             Began as a Gargoyle Fighter on May 22, 2020.
             Was a Follower of Cheibriados.
             Killed by divine providence
             ... invoked by an orc priest
              (11 damage)
             ... on level 4 of the Dungeon.
             The game lasted 00:06:21 (3822 turns).

Hugehornet the Basher (Gargoyle Fighter)            Turns: 3822, Time: 00:06:21

Health: 0/41       AC: 17    Str: 27    XL:     7   Next: 76%
Magic:  7/7        EV:  4    Int: 14    God:    Cheibriados [*.....]
Gold:   138        SH: 10    Dex: 12    Spells: 6/6 levels left

rFire    . . .     SeeInvis .   a - +1 flail
rCold    . . .     Gourm    .   c - +0 shield
rNeg     + . .     Faith    .   p - +0 plate armour
rPois    ∞         Spirit   .   (no helmet)
rElec    +         Reflect  .   (no cloak)
rCorr    .         Harm     .   (no gloves)
MR       .....                  g - +0 pair of boots
Stlth    ..........             (no amulet)
HPRegen  0.13/turn              n - +3 ring of slaying
MPRegen  0.10/turn              (no ring)

@: mighty, very slow
A: negative energy resistance 1, electricity resistance, unbreathing,
petrification resistance, rot immunity, AC +4
a: Bend Time, Renounce Religion


You were on level 4 of the Dungeon.
You worshipped Cheibriados.
Cheibriados was aware of your devotion.
You were hungry.

You visited 1 branch of the dungeon, and saw 4 of its levels.

You collected 138 gold pieces.

Inventory:

Hand Weapons
 a - a +1 flail (weapon)
 u - a +0 war axe
 A - a +2 dire flail of crushing
Armour
 b - a +0 scale mail
 c - a +0 shield (worn)
 g - a +0 pair of boots (worn)
 p - a +0 plate armour (worn)
Jewellery
 n - a +3 ring of slaying (left hand)
Wands
 z - a wand of enslavement (11)
Scrolls
 h - 4 scrolls of teleportation
 q - 2 scrolls of enchant weapon
 x - a scroll of immolation {unknown}
 y - a scroll of fog {unknown}
Potions
 d - 2 potions of might
 i - a potion of degeneration
 j - a potion of cancellation
 k - a potion of mutation
 m - a potion of curing
Comestibles
 f - 9 rations


   Skills:
 - Level 3.2 Fighting
 + Level 8.6 Maces & Flails
 - Level 3.2 Armour
 - Level 3.2 Shields


You had 6 spell levels left.
You didn't know any spells.
Your spell library was empty.

Dungeon Overview and Level Annotations

Branches:
Dungeon (4/15)
 Temple: D:4-7

Altars:
Cheibriados
Dithmenos
Hepliaklqana
Okawaru
Sif Muna


Innate Abilities, Weirdness & Mutations

You are resistant to torment.
Your stone body is resilient. (AC +4)
You are immune to poison.
You resist negative energy. (rN+)
You are resistant to electric shocks. (rElec)
You can survive without breathing.
You are immune to petrification.
You are immune to rotting.


Message History

You sock the orc!
You kill the orc!
Cheibriados appreciates the change of pace.
An orc comes into view. It is wielding a +0 short sword.
Items here: )) †† a +1 dagger of venom; a +0 dagger; an orc corpse x2
You sock the orc!
You kill the orc!
Cheibriados appreciates the change of pace.
An orc priest comes into view. It is wielding a +0 flail.
The orc priest shouts!
Things that are here:
a +0 short sword; an orc corpse
Items here: )) †† a +1 dagger of venom; a +0 dagger; an orc corpse x2
Things that are here:
a cursed +0 giant club; a giant cockroach corpse; an adder corpse The orc priest calls down the wrath of Beogh upon you.
Beogh smites you!
You die...

##.#.# #####≈≈≈.≈.≈.≈.≈.≈≈≈#
.....######...##≈≈≈...≈...≈≈≈#
...............##≈≈≈.≈.≈.≈≈≈#
##(..>..........##≈≈≈..o≈≈≈#
##..#.#####.....# #≈≈...≈≈#
##..#.# #.....# ###'''###
....#.# ###.### #...# ....#.#
####...######o### ##..#.#
#.......@)).).#
##..#.###.##...########
##..#.....###)##
#..........).# ##.#########)#
#.#########.# #...........#
#############


You could see an orc priest.

Vanquished Creatures
  Edmund (D:4)
  An ogre (D:4)
  A centaur (D:4)
  A bullfrog (D:2)
  A howler monkey (D:4)
  A hound (D:4)
  An iguana (D:4)
  2 orc wizards (D:4)
  2 worker ants (D:4)
  3 gnolls (D:3)
  8 adders
  2 oozes (D:2)
  3 worms
  2 dart slugs
  3 leopard geckos
  7 orcs
  7 bats
  4 giant cockroaches
  13 hobgoblins
  4 jackals (D:3)
  2 kobolds
  2 frilled lizards
  4 goblins
  11 rats
86 creatures vanquished.

Notes
Turn   | Place    | Note
-------+----------+-------------------------------------------
     0 | D:1      | Hugehornet the Gargoyle Fighter began the quest for the
                  | Orb.
     0 | D:1      | Reached XP level 1. HP: 14/14 MP: 1/1
   263 | D:1      | Reached XP level 2. HP: 14/19 MP: 2/2
   600 | D:1      | Reached skill level 3 in Maces & Flails
   724 | D:1      | You fall into a shaft and drop 1 floor!
   736 | D:2      | Found an iron altar of Okawaru.
   748 | D:2      | Reached XP level 3. HP: 20/23 MP: 3/3
  1012 | D:2      | Found a shadowy altar of Dithmenos.
  1020 | D:2      | Reached skill level 4 in Maces & Flails
  1070 | D:2      | Reached XP level 4. HP: 28/28 MP: 4/4
  1169 | D:2      | Found a faded altar of an unknown god.
  1223 | D:2      | Noticed a bullfrog
  1231 | D:2      | Killed a bullfrog
  1231 | D:2      | Reached skill level 5 in Maces & Flails
  1231 | D:2      | Reached XP level 5. HP: 25/32 MP: 5/5
  1351 | D:2      | Found a shimmering blue altar of Sif Muna.
  2006 | D:3      | Found a snail-covered altar of Cheibriados.
  2015 | D:3      | Became a worshipper of Cheibriados the Contemplative
  2322 | D:3      | Reached skill level 6 in Maces & Flails
  2372 | D:3      | Reached XP level 6. HP: 37/37 MP: 6/6
  2415 | D:3      | Reached * piety under Cheibriados
  2733 | D:4      | Reached skill level 7 in Maces & Flails
  3037 | D:4      | Found a hazy altar of Hepliaklqana.
  3275 | D:4      | Noticed Edmund
  3287 | D:4      | Killed Edmund
  3287 | D:4      | Reached XP level 7. HP: 27/41 MP: 7/7
  3778 | D:4      | Reached skill level 8 in Maces & Flails
  3822 | D:4      | Killed from afar by an orc priest

Levels and vault maps discovered:
D:1:      wander_arrival_estate, layout_basic
D:2:      layout_rooms, lemuel_crystal_altar, okawaru_metal_pillars_1_2,
          nicolae_overflow_crystal_walls, first_ration,
          chequers_ecumenical_altar_grove
D:3:      layout_loops_corners, cheibriados_altar_1, minmay_checkerbox
D:4:      layout_loops_ring, overflow_temple_1_default,
          kennysheep_cluttered_room, nrook_mini_backslash,
          sigmund_edmund_badplayer

Skill      XL: |  1  2  3  4  5  6  7 |
---------------+----------------------+-----
Maces & Flails | 3 4 5 6 7 8 |  8.6
Fighting       | |  3.2
Armour         | |  3.2
Shields        | |  3.2

Action                   |  1- 3 |  4- 6 |  7- 9 || total
-------------------------+-------+-------+-------++-------
Melee: Flail             |   124 |   197 |    47 ||   368
  Use: Scroll            |       |       |    11 ||    11
       Potion            |       |       |     1 ||     1
  Eat: Chunk             |     1 |     6 |       ||     7
Armor: Scale mail        |    64 |    27 |       ||    91
       Plate armour      |       |   110 |    39 ||   149
Dodge: Dodged            |    51 |    39 |     7 ||    97
Block: Shield            |    78 |   104 |    21 ||   203
